 Dungeon Crawl Stone Soup version 0.24-a0-580-g6a6c3f8 (webtiles) character file.

Game seed: 9710170356004031684

1205 Deaus the Slasher (level 8, -5/42 HPs)
             Began as a Vine Stalker Fighter on Aug 21, 2019.
             Was a Follower of Okawaru.
             Killed by divine providence
             ... invoked by an orc priest
              (12 damage)
             ... on level 6 of the Dungeon.
             The game lasted 00:09:17 (4257 turns).

Deaus the Slasher (Vine Stalker Fighter)            Turns: 4257, Time: 00:09:18

Health: -5/42      AC:  9    Str: 18    XL:     8   Next: 45%
Magic:  0/9        EV: 15    Int:  9    God:    Okawaru [*.....]
Gold:   287        SH: 13    Dex: 16    Spells: 7/7 levels left

rFire    . . .     SeeInvis .   a - +0 long sword
rCold    + . .     Gourm    .   c - +1 shield
rNeg     + . .     Faith    .   t - +2 leather armour {rC+}
rPois    .         Spirit   +   z - +0 helmet
rElec    .         Reflect  .   B - +0 cloak (curse)
rCorr    .         Harm     .   s - +0 pair of gloves
MR       +....                  r - +0 pair of boots
Stlth    +++.......             (no amulet)
HPRegen  0.54/turn              u - -2 ring of protection (curse)
MPRegen  0.11/turn              i - ring of positive energy

@: heroism
A: fangs 3, regeneration 1, magic shield, antimagic bite, no potion heal 3, rot
immunity
a: Heroism, Renounce Religion


You were on level 6 of the Dungeon.
You worshipped Okawaru.
Okawaru was aware of your devotion.
You were very hungry.

You visited 2 branches of the dungeon, and saw 7 of its levels.

You collected 287 gold pieces.

Inventory:

Hand Weapons
 a - a +0 long sword (weapon)
 k - a +0 hand axe of flaming
 C - the +9 short sword "Seagytra" {pierce, rN+ MR+, unknown}
   (You found it on level 6 of the Dungeon)

   It inflicts extra damage upon your enemies.
   It protects you from negative energy.
   It affects your resistance to hostile enchantments.
 F - a cursed +2 dire flail of freezing
Missiles
 m - 3 boomerangs of dispersal (quivered)
 n - a throwing net
Armour
 c - a +1 shield (worn)
 r - a +0 pair of boots (worn)
 s - a +0 pair of gloves (worn)
 t - a +2 leather armour of cold resistance (worn)
 z - a +0 helmet (worn)
 B - a cursed +0 cloak (worn)
Jewellery
 i - a ring of positive energy (right hand)
 u - a cursed -2 ring of protection (left hand)
 y - an uncursed ring of wizardry
 D - a +2 ring of dexterity {unknown}
 J - an uncursed ring of positive energy
Wands
 e - a wand of acid (8)
 p - a wand of random effects (25)
 E - a wand of digging (11)
 G - a wand of polymorph (4)
Scrolls
 j - 2 scrolls of magic mapping
 q - 2 scrolls of amnesia
 v - a scroll of fear
 w - a scroll of identify
 x - 3 scrolls of teleportation
 I - a scroll of enchant armour
 K - a scroll of remove curse {unknown}
Potions
 b - 3 potions of agility
 d - a potion of might
 g - 2 potions of berserk rage {unknown}
 h - 4 potions of heal wounds {unknown}
 l - a potion of curing
 o - a potion of lignification {unknown}
 A - 2 potions of haste {unknown}
 H - a potion of degeneration {unknown}
 L - a potion of ambrosia {unknown}
Comestibles
 f - 17 rations


   Skills:
 * Level 4.1(9.1) Fighting
 * Level 6.8(11.8) Long Blades
 - Level 1.1(6.1) Throwing
 + Level 3.0(8.0) Armour
 + Level 1.8(6.8) Dodging
 - Level 0.4(5.4) Stealth
 + Level 4.5(9.5) Shields
 * Level 0.3 Spellcasting
 * Level 0.4 Invocations


You had 7 spell levels left.
You didn't know any spells.
Your spell library was empty.

Dungeon Overview and Level Annotations

Branches:
Dungeon (6/15)             Temple (1/1) D:4

Altars:
Ashenzari
Dithmenos
Elyvilon
Fedhas
Gozag
Hepliaklqana
Kikubaaqudgha
Nemelex Xobeh
Okawaru
Qazlal
Ru
Sif Muna
Trog
Uskayaw
Vehumet
Wu Jian
Xom
Yredelemnul
Zin
The Shining One


Innate Abilities, Weirdness & Mutations

You have razor-sharp teeth.
Your natural rate of healing is unusually fast.
When hurt, damage is shared between your health and your magic reserves.
Your bite disrupts and absorbs the magic of your enemies.
Potions cannot restore your health.
You are immune to rotting.


Message History

You hit the orc priest. Your bite misses the orc priest.
The orc priest is moderately wounded.
The orc priest calls upon Beogh to heal the orc priest.
The orc priest's wounds heal themselves!
The orc priest calls down the wrath of Beogh upon you.
Beogh smites you!
* * * LOW HITPOINT WARNING * * *
You slash the orc priest! Your bite misses the orc priest.
The orc priest is severely wounded.
The orc priest calls upon Beogh to heal the orc priest.
The orc priest is healed somewhat.
You closely miss the orc priest. Your bite misses the orc priest.
The orc priest is severely wounded.
You barely miss the orc priest.
The orc priest is severely wounded.
The orc priest hits you with a cursed -3 flail.
* * * LOW HITPOINT WARNING * * *
The orc priest calls down the wrath of Beogh upon you.
Beogh smites you!
You die...

#.(...#
#.....# ## o#
#...(.# .. .
###.### .#.#
#.# ##.#.#
#.# #.... #.#
#..#
#.###o.#.###.
#..@oo.......
#####o##.....
#.# ... #.# .
#.# #.# #.#
#..


You could see 2 orc priests and 2 orcs.

Vanquished Creatures
  A hungry ghost (D:6)
  An orc warrior (D:5)
  An ogre (D:6)
  5 wights (D:6)
  4 bullfrog skeletons
  2 hounds
  5 orc wizards
  An orc priest (D:4)
  Crazy Yiuf (D:2)
  Jessica (D:2)
  2 iguanas
  Ijyb (D:4)
  Robin (D:4)
  2 adders
  A gnoll (D:3)
  A shadow imp (D:6)
  3 oozes (D:1)
  An adder zombie (D:5)
  3 adder skeletons
  4 worms
  6 dart slugs
  3 leopard geckos
  12 orcs
  5 giant cockroaches
  17 goblins
  8 hobgoblins
  3 jackals
  3 quokkas
  3 ball pythons
  A ball python zombie (D:5)
  4 bats
  5 frilled lizards
  5 kobolds
  A quokka zombie (D:5)
  9 rats
126 creatures vanquished.

Vanquished Creatures (others)
  An orc wizard (D:4)
1 creature vanquished.

Grand Total: 127 creatures vanquished

Notes
Turn   | Place    | Note
-------+----------+-------------------------------------------
     0 | D:1      | Deaus the Vine Stalker Fighter began the quest for the Orb.
     0 | D:1      | Reached XP level 1. HP: 11/11 MP: 2/2
   115 | D:1      | Reached XP level 2. HP: 12/16 MP: 3/3
   430 | D:1      | Reached XP level 3. HP: 19/19 MP: 4/4
   445 | D:1      | Reached skill level 2 in Long Blades
   892 | D:2      | Gained mutation: Your natural rate of healing is unusually
                  | fast. [Vine Stalker growth]
   892 | D:2      | Reached XP level 4. HP: 23/23 MP: 5/5
   906 | D:2      | Found a stormy altar of Qazlal.
  1074 | D:2      | Found a glowing silver altar of Zin.
  1224 | D:2      | Found a hazy altar of Hepliaklqana.
  1240 | D:2      | Found a blossoming altar of Fedhas.
  1242 | D:2      | Found a shimmering altar of Xom.
  1242 | D:2      | Found a sacrificial altar of Ru.
  1242 | D:2      | Found a radiant altar of Vehumet.
  1273 | D:2      | Noticed Jessica
  1280 | D:2      | Killed Jessica
  1280 | D:2      | Reached skill level 3 in Long Blades
  1280 | D:2      | Reached XP level 5. HP: 28/28 MP: 6/6
  1330 | D:2      | Found a runed translucent door.
  1331 | D:2      | Noticed Crazy Yiuf
  1504 | D:2      | Killed Crazy Yiuf
  2279 | D:4      | Reached skill level 4 in Long Blades
  2279 | D:4      | Reached XP level 6. HP: 31/32 MP: 7/7
  2357 | D:4      | Found a staircase to the Ecumenical Temple.
  2374 | Temple   | Entered the Ecumenical Temple
  2587 | Temple   | Became a worshipper of Warmaster Okawaru
  2629 | D:4      | Noticed Robin
  2642 | D:4      | Killed Robin
  2642 | D:4      | Reached skill level 1 in Throwing
  2928 | D:4      | Noticed Ijyb
  2951 | D:4      | Killed Ijyb
  2966 | D:4      | Reached skill level 1 in Dodging
  3219 | D:5      | Entered Level 5 of the Dungeon
  3242 | D:5      | Reached XP level 7. HP: 36/36 MP: 8/8
  3505 | D:5      | Reached skill level 5 in Long Blades
  3822 | D:5      | Reached * piety under Okawaru
  3970 | D:6      | Got a bloodstained short sword
  4043 | D:6      | Reached skill level 6 in Long Blades
  4059 | D:6      | Gained mutation: You have razor-sharp teeth. [Vine Stalker
                  | growth]
  4059 | D:6      | Reached XP level 8. HP: 26/42 MP: 6/9
  4257 | D:6      | Killed from afar by an orc priest

Levels and vault maps discovered:
D:1:      tarquinn_simple_flora_water_a, layout_basic, minmay_misc_feat_square,
          minivault_27, minmay_heptomino_l4
D:2:      layout_loops_ring, zin_academy, minitemple, lemuel_crystal_altar,
          chequers_serial_rivers_micro_c, st_stairs_8, uniq_jessica,
          uniq_crazy_yiuf_cottage
D:3:      minmay_bubble_buster, layout_rooms
D:4:      layout_loops_ring, minmay_temple_entry_glassed_door, first_ration,
          uniq_robin, uniq_ijyb
D:5:      kennysheep_big_flooded_room, layout_loops_ring, nrook_mini_vaults,
          chequers_serial_rivers_micro_b
D:6:      layout_loops_ring, lemuel_doored_altar
Temple:   nicolae_temple_figure_eight

Skill      XL: |  1  2  3  4  5  6  7  8 |
---------------+-------------------------+-----
Shields        | 3 4 |  4.5
Long Blades    | 2 3 4 6 |  6.8
Fighting       | 3 4 |  4.1
Throwing       | 1 |  1.1
Dodging        | 1 |  1.8
Armour         | 3 |  3.0
Stealth        | |  0.4
Spellcasting   | |  0.3
Invocations    | |  0.4

Action                   |  1- 3 |  4- 6 |  7- 9 || total
-------------------------+-------+-------+-------++-------
Melee: Long sword        |    64 |   198 |   174 ||   436
       Bite              |    21 |    63 |    53 ||   137
Invok: Heroism           |       |       |     2 ||     2
  Use: Scroll            |       |     8 |     1 ||     9
  Eat: Chunk             |       |     8 |     4 ||    12
Armor: Scale mail        |    21 |    13 |       ||    34
       Leather armour    |       |    60 |    34 ||    94
Dodge: Dodged            |    17 |    66 |    40 ||   123
Block: Shield            |    29 |   106 |    96 ||   231
       Rpst.: Long sword |     4 |    19 |    11 ||    34

Table legend:
 A = Non-vault XP
 B = Vault XP
 C = Vault XP percentage of total XP
 D = Non-vault monster count
 E = Vault monster count
 F = Vault count percentage of total count
                 A         B        C        D         E       F
            +---------+---------+-------+---------+---------+-------
      Total |    1375 |     347 |  20.2 |      93 |      34 |  26.8
            +---------+---------+-------+---------+---------+-------
        D:1 |      57 |       5 |   8.1 |      21 |       2 |   8.7
        D:2 |      64 |      83 |  56.5 |      11 |       4 |  26.7
        D:3 |      27 |      59 |  68.6 |      11 |      19 |  63.3
        D:4 |     219 |      63 |  22.3 |      16 |       8 |  33.3
        D:5 |     242 |     137 |  36.1 |      18 |       1 |   5.3
        D:6 |     766 |       0 |   0.0 |      16 |       0 |   0.0
            +---------+---------+-------+---------+---------+-------
